3AAA
SUNSET DISTRICT FOG @ HOUSTON BC
06/04/2034
 
TOP OF THE 1ST
Sunset District Fog batting - Pitching for Houston BC : RHP Francisco Guillén
Pitching: RHP Francisco Guillén
Batting: LHB Roderick Simpson 0-0: Called Strike
0-1: Ball
1-1: SINGLE (Line Drive, 89S)
Batting: LHB Ed Berry 0-0: Called Strike
0-1: Swinging Strike
0-2: Ball
1-2: Reached on error, E4 (Groundball, 4)
Roderick Simpson to second
Batting: LHB Ieyoshi Samurakami 0-0: Ball
1-0: Ball
2-0: Fly out, F7 (Flyball, 7)
Batting: SHB Charles Weber 0-0: Foul Ball, location: 2F
0-1: Foul Ball, location: 2F
0-2: 3-RUN HOME RUN (Line Drive, 9LD), Distance : 350 ft
Batting: LHB Arnold England 0-0: Ball
1-0: Called Strike
1-1: Ball
2-1: Fly out, F4 (Flyball, 4MD)
Batting: RHB Tom Woolever 0-0: Called Strike
0-1: Ball
1-1: Foul Ball, location: 2F
1-2: Strikes out swinging
Top of the 1st over - 3 runs, 2 hits, 1 error, 0 left on base; Sunset District 3 - Houston 0
BOTTOM OF THE 1ST
Houston BC batting - Pitching for Sunset District Fog : RHP Larry Strozier
Pitching: RHP Larry Strozier
Batting: SHB Toby Sutton 0-0: Ground out 4-3 (Groundball, 4)
Batting: RHB Jud Regan 0-0: Ball
1-0: Foul Ball, location: 2F
1-1: Foul Ball, location: 2F
1-2: Strikes out swinging
Batting: RHB António López 0-0: Ball
1-0: Ball
2-0: Ground out U3 (Groundball, 34)
Bottom of the 1st over - 0 runs, 0 hits, 0 errors, 0 left on base; Sunset District 3 - Houston 0
TOP OF THE 2ND
Sunset District Fog batting - Pitching for Houston BC : RHP Francisco Guillén
Batting: LHB Jesús De Jesús 0-0: SINGLE (Line Drive, 3L)
Batting: RHB Juan Alcocer 0-0: Ball
1-0: Ball
2-0: Swinging Strike
2-1: Swinging Strike
2-2: Foul Ball, location: 2F
2-2: Ball
3-2: Foul Ball, location: 2F
3-2: Strikes out swinging
Batting: LHB Jesús Trevino 0-0: Foul Ball, location: 2F
0-1: Foul Ball, location: 2F
0-2: Ball
1-2: Foul Ball, location: 2F
1-2: Foul Ball, location: 2F
1-2: Ball
2-2: Strikes out swinging
Batting: LHB Roderick Simpson 0-0: Ball
1-0: Called Strike
1-1: Ball
2-1: Ball
3-1: Foul Ball, location: 2F
3-2: Foul Ball, location: 2F
3-2: Ground out 1-3 (Groundball, P)
Top of the 2nd over - 0 runs, 1 hit, 0 errors, 1 left on base; Sunset District 3 - Houston 0
BOTTOM OF THE 2ND
Houston BC batting - Pitching for Sunset District Fog : RHP Larry Strozier
Batting: LHB Rich Watkins 0-0: Called Strike
0-1: Called Strike
0-2: Foul Ball, location: 2F
0-2: Ball
1-2: SINGLE (Line Drive, 34D)
Batting: RHB Robby Arnold 0-0: Called Strike
0-1: Fly out, F9 (Flyball, 9S)
Batting: RHB Alfredo Mojica 0-0: Grounds into double play, 4-6-3 (Groundball, 4)
Bottom of the 2nd over - 0 runs, 1 hit, 0 errors, 0 left on base; Sunset District 3 - Houston 0
TOP OF THE 3RD
Sunset District Fog batting - Pitching for Houston BC : RHP Francisco Guillén
Batting: LHB Ed Berry 0-0: Foul Ball, location: 2F
0-1: Fly out, F7 (Flyball, 7)
Batting: LHB Ieyoshi Samurakami 0-0: Fly out, F7 (Flyball, 78S)
Batting: SHB Charles Weber 0-0: Ball
1-0: Called Strike
1-1: Ground out 4-3 (Groundball, 4)
Top of the 3rd over - 0 runs, 0 hits, 0 errors, 0 left on base; Sunset District 3 - Houston 0
BOTTOM OF THE 3RD
Houston BC batting - Pitching for Sunset District Fog : RHP Larry Strozier
Batting: RHB Alba Hidalgo de Jesus 0-0: Called Strike
0-1: Swinging Strike
0-2: Ball
1-2: Ground out 6-3 (Groundball, 6)
Batting: RHB Abraham Phelps 0-0: Ball
1-0: Ball
2-0: Foul Ball, location: 2F
2-1: Called Strike
2-2: Strikes out looking
Batting: LHB Naohiro Sakai 0-0: Ball
1-0: Called Strike
1-1: Fly out, F9 (Flyball, 9)
Bottom of the 3rd over - 0 runs, 0 hits, 0 errors, 0 left on base; Sunset District 3 - Houston 0
TOP OF THE 4TH
Sunset District Fog batting - Pitching for Houston BC : RHP Francisco Guillén
Batting: LHB Arnold England 0-0: Ball
1-0: Called Strike
1-1: Foul Ball, location: 2F
1-2: Ball
2-2: Reached on error, E4 (Groundball, 4)
Batting: RHB Tom Woolever 0-0: Ball
1-0: Called Strike
1-1: Ball
2-1: Swinging Strike
2-2: Ground out 3-1 (Groundball, 34)
Arnold England to third
Batting: LHB Jesús De Jesús 0-0: Called Strike
0-1: 2-RUN HOME RUN (Flyball, 9LD), Distance : 360 ft
Batting: RHB Juan Alcocer 0-0: Fly out, F8 (Flyball, 8LXD)
Batting: LHB Jesús Trevino 0-0: Called Strike
0-1: Ball
1-1: Ball
2-1: Ball
3-1: Called Strike
3-2: Base on Balls
Batting: LHB Roderick Simpson 0-0: Called Strike
0-1: Foul Ball, location: 2F
0-2: DOUBLE (Line Drive, 89D)
Jesús Trevino to third
Runner from 3rd tries for Home, SAFE, no throw
Batting: LHB Ed Berry 0-0: Ground out 1-3 (Groundball, 13S)
Top of the 4th over - 3 runs, 2 hits, 1 error, 1 left on base; Sunset District 6 - Houston 0
BOTTOM OF THE 4TH
Houston BC batting - Pitching for Sunset District Fog : RHP Larry Strozier
Batting: SHB Toby Sutton 0-0: Called Strike
0-1: Swinging Strike
0-2: Ball
1-2: Ground out 4-3 (Groundball, 4)
Batting: RHB Jud Regan 0-0: Ball
1-0: Ball
2-0: Ground out 6-3 (Groundball, 6S)
Batting: RHB António López 0-0: Foul Ball, location: 2F
0-1: Ball
1-1: Swinging Strike
1-2: Ground out 6-3 (Groundball, 6)
Bottom of the 4th over - 0 runs, 0 hits, 0 errors, 0 left on base; Sunset District 6 - Houston 0
TOP OF THE 5TH
Sunset District Fog batting - Pitching for Houston BC : RHP Francisco Guillén
Batting: LHB Ieyoshi Samurakami 0-0: Ball
1-0: SINGLE (Line Drive, 56D)
Batting: SHB Charles Weber 0-0: 2-RUN HOME RUN (Flyball, 7LD), Distance : 364 ft
Batting: LHB Arnold England 0-0: Ground out 3-1 (Groundball, 34S)
Batting: RHB Tom Woolever 0-0: Called Strike
0-1: Ball
1-1: Swinging Strike
1-2: Ball
2-2: Strikes out looking
Batting: LHB Jesús De Jesús 0-0: Foul Ball, location: 2F
0-1: Called Strike
0-2: Strikes out swinging
Top of the 5th over - 2 runs, 2 hits, 0 errors, 0 left on base; Sunset District 8 - Houston 0
BOTTOM OF THE 5TH
Houston BC batting - Pitching for Sunset District Fog : RHP Larry Strozier
Batting: LHB Rich Watkins 0-0: Fly out, F8 (Flyball, 78M)
Batting: RHB Robby Arnold 0-0: Fly out, F7 (Flyball, 7D)
Batting: RHB Alfredo Mojica 0-0: Ball
1-0: Ground out 5-3 (Groundball, 5L)
Bottom of the 5th over - 0 runs, 0 hits, 0 errors, 0 left on base; Sunset District 8 - Houston 0
TOP OF THE 6TH
Sunset District Fog batting - Pitching for Houston BC : RHP Francisco Guillén
Batting: RHB Juan Alcocer 0-0: Ball
1-0: Called Strike
1-1: Ball
2-1: Ball
3-1: Base on Balls
Batting: LHB Jesús Trevino 0-0: Called Strike
0-1: Ball
1-1: Hit by Pitch
Juan Alcocer to second
Batting: LHB Roderick Simpson 0-0: Called Strike
0-1: Called Strike
0-2: Ball
1-2: Ball
2-2: Fielders Choice at 2nd, 1-6 (Groundball, 13S)
Juan Alcocer to third
Batting: LHB Ed Berry 0-0: Called Strike
0-1: Ball
1-1: Ball
2-1: Called Strike
2-2: Ball
3-2: Fly out, F3 (Popup, 34)
Pitching: RHP Evan Roy
Batting: LHB Ieyoshi Samurakami 0-0: Ball
1-0: Ball
2-0: Called Strike
2-1: Called Strike
2-2: Strikes out swinging
Top of the 6th over - 0 runs, 0 hits, 0 errors, 2 left on base; Sunset District 8 - Houston 0
BOTTOM OF THE 6TH
Houston BC batting - Pitching for Sunset District Fog : RHP Larry Strozier
Batting: RHB Alba Hidalgo de Jesus 0-0: Swinging Strike
0-1: Ball
1-1: Foul Ball, location: 2F
1-2: Foul Ball, location: 2F
1-2: Fly out, F9 (Flyball, 9LSF)
Batting: RHB Abraham Phelps 0-0: Called Strike
0-1: Called Strike
0-2: Ball
1-2: Foul Ball, location: 2F
1-2: Ball
2-2: Foul Ball, location: 2F
2-2: Strikes out looking
Batting: LHB Naohiro Sakai 0-0: Ball
1-0: Fly out, F9 (Flyball, 89S)
Bottom of the 6th over - 0 runs, 0 hits, 0 errors, 0 left on base; Sunset District 8 - Houston 0
TOP OF THE 7TH
Sunset District Fog batting - Pitching for Houston BC : RHP Evan Roy
Batting: SHB Charles Weber 0-0: Ball
1-0: Ball
2-0: Swinging Strike
2-1: Called Strike
2-2: Ball
3-2: Base on Balls
Batting: LHB Arnold England 0-0: Ball
1-0: Called Strike
1-1: Called Strike
1-2: Ball
2-2: Ball
3-2: Foul Ball, location: 2F
3-2: Base on Balls
Charles Weber to second
Batting: RHB Tom Woolever 0-0: Ball
1-0: SINGLE (Groundball, 56D)
Charles Weber to third
Arnold England to second
Batting: LHB Jesús De Jesús 0-0: Called Strike
0-1: Swinging Strike
0-2: Ball
1-2: Ball
2-2: Strikes out looking
Batting: RHB Juan Alcocer 0-0: Called Strike
0-1: Foul Ball, location: 2F
0-2: Strikes out swinging
Batting: LHB Jesús Trevino 0-0: Called Strike
0-1: Ball
1-1: Swinging Strike
1-2: Strikes out swinging
Top of the 7th over - 0 runs, 1 hit, 0 errors, 3 left on base; Sunset District 8 - Houston 0
BOTTOM OF THE 7TH
Houston BC batting - Pitching for Sunset District Fog : RHP Larry Strozier
Batting: SHB Toby Sutton 0-0: Swinging Strike
0-1: Ball
1-1: Called Strike
1-2: SINGLE (Line Drive, 4M)
Batting: RHB Jud Regan 0-0: Fly out, F8 (Flyball, 8LD)
Batting: RHB António López 0-0: Ball
Toby Sutton steals 2nd base
1-0: Ball
2-0: Called Strike
2-1: SINGLE (Groundball, 56D)
Toby Sutton to third
Runner from 3rd tries for Home, SAFE, no throw
Batting: LHB Rich Watkins 0-0: Ball
1-0: Ball
2-0: Fly out, F8 (Flyball, 8RD)
Batting: RHB Robby Arnold 0-0: Foul Ball, location: 2F
0-1: Foul Ball, location: 2F
0-2: Ball
1-2: Ball
2-2: Ball
3-2: Foul Ball, location: 2F
3-2: Base on Balls
António López to second
Batting: RHB Alfredo Mojica 0-0: Ball
1-0: Called Strike
1-1: Called Strike
1-2: Foul Ball, location: 2F
1-2: Ball
2-2: Ball
3-2: Base on Balls
António López to third
Robby Arnold to second
Batting: RHB Alba Hidalgo de Jesus 0-0: Ball
1-0: Swinging Strike
1-1: Ball
2-1: Ball
3-1: Called Strike
3-2: Reached on error, E6 (Groundball, 6)
António López scores
Robby Arnold to third
Alfredo Mojica to second
Batting: RHB Abraham Phelps 0-0: Ball
1-0: Fly out, F3 (Popup, 3SF)
Bottom of the 7th over - 2 runs, 2 hits, 1 error, 3 left on base; Sunset District 8 - Houston 2
TOP OF THE 8TH
Sunset District Fog batting - Pitching for Houston BC : RHP Evan Roy
Batting: LHB Roderick Simpson 0-0: Ball
1-0: Ball
2-0: Ground out 6-3 (Groundball, 6)
Batting: LHB Ed Berry 0-0: Fly out, F9 (Flyball, 9LSF)
Batting: LHB Ieyoshi Samurakami 0-0: Ball
1-0: Foul Ball, location: 2F
1-1: Fly out, F9 (Flyball, 9D)
Top of the 8th over - 0 runs, 0 hits, 0 errors, 0 left on base; Sunset District 8 - Houston 2
BOTTOM OF THE 8TH
Houston BC batting - Pitching for Sunset District Fog : RHP Larry Strozier
Pitching: RHP Kendarian Handy-Holly
Batting: LHB Naohiro Sakai 0-0: Foul Ball, location: 2F
0-1: Called Strike
0-2: Strikes out swinging
Batting: SHB Toby Sutton 0-0: Foul Ball, location: 2F
0-1: Swinging Strike
0-2: Ball
1-2: Ball
2-2: Strikes out swinging
Batting: RHB Jud Regan 0-0: Foul Ball, location: 2F
0-1: Foul Ball, location: 2F
0-2: Strikes out swinging
Bottom of the 8th over - 0 runs, 0 hits, 0 errors, 0 left on base; Sunset District 8 - Houston 2
TOP OF THE 9TH
Sunset District Fog batting - Pitching for Houston BC : RHP Evan Roy
Batting: SHB Charles Weber 0-0: Ball
1-0: Ball
2-0: Ball
3-0: Base on Balls
Batting: LHB Arnold England 0-0: SINGLE (Line Drive, 34)
Charles Weber to second
Batting: RHB Tom Woolever 0-0: Ball
1-0: Foul Ball, location: 2F
1-1: Ball
2-1: Called Strike
2-2: Fly out, F8 (Flyball, 8RD)
Batting: LHB Jesús De Jesús 0-0: Ball
1-0: SINGLE (Groundball, 56D)
Charles Weber to third
Arnold England to second
Runner from 3rd tries for Home, SAFE, throw made home
Batting: RHB Juan Alcocer 0-0: Called Strike
0-1: Fly out, F9 (Flyball, 89D)
Runner from 2nd tags up, SAFE at 3rd, no throw
Batting: LHB Jesús Trevino 0-0: Ball
1-0: Ball
2-0: Ball
Wild Pitch!
Arnold England scores
Jesús De Jesús to second
3-0: Base on Balls
Batting: LHB Roderick Simpson 0-0: Foul Ball, location: 2F
0-1: Called Strike
0-2: Ball
1-2: Strikes out swinging
Top of the 9th over - 2 runs, 2 hits, 0 errors, 2 left on base; Sunset District 10 - Houston 2
BOTTOM OF THE 9TH
Houston BC batting - Pitching for Sunset District Fog : RHP Kendarian Handy-Holly
Batting: RHB António López 0-0: Ball
1-0: Called Strike
1-1: Ball
2-1: Foul Ball, location: 2F
2-2: Ball
3-2: SOLO HOME RUN (Flyball, 7D), Distance : 409 ft
Batting: LHB Rich Watkins 0-0: Foul Ball, location: 2F
0-1: Foul Ball, location: 2F
0-2: Ground out U3 (Groundball, 34)
Batting: RHB Robby Arnold 0-0: Ball
1-0: Called Strike
1-1: Called Strike
1-2: Fly out, F7 (Line Drive, 7S)
Batting: RHB Alfredo Mojica 0-0: Foul Ball, location: 2F
0-1: Foul Ball, location: 2F
0-2: Ball
1-2: Ball
2-2: SOLO HOME RUN (Flyball, 8RXD), Distance : 443 ft
Batting: RHB Alba Hidalgo de Jesus 0-0: Called Strike
0-1: Ball
1-1: Ball
2-1: Foul Ball, location: 2F
2-2: Strikes out swinging, 2-3 out at first.
Bottom of the 9th over - 2 runs, 2 hits, 0 errors, 0 left on base; Sunset District 10 - Houston 4
Friday, March 29th, 2019 - OOTP Baseball 18.8 Build 76